 Dungeon Crawl Stone Soup version 0.30-a0-4-ga7cffc901d (webtiles) character file.

Game seed: 18427441570610492605

919 Sobieck the Cutter (level 8, -16/42 HPs)
             Began as a Vine Stalker Fighter on Aug 20, 2022.
             Was an Initiate of Wu Jian.
             Demolished by an ogre
             ... wielding a +0 giant club
              (25 damage)
             ... on level 6 of the Dungeon.
             The game lasted 00:10:33 (5923 turns).

Sobieck the Cutter (Vine Stalker Fighter)           Turns: 5923, Time: 00:10:34

Health: -16/42     AC:  8    Str: 19    XL:     8   Next: 9%
Magic:  0/9        EV:  9    Int:  8    God:    Wu Jian [......]
Gold:   153        SH:  8    Dex: 16    Spells: 7/7 levels left

rFire   . . .      SeeInvis .    a - +2 rapier {short}
rCold   . . .      Faith    .    c - +3 buckler
rNeg    . . .      Spirit   +    q - +0 scale mail
rPois   .          Reflect  .    (no helmet)
rElec   .          Harm     .    (no cloak)
rCorr   .          Rampage  .    p - +1 pair of gloves
Will    +....      Archmagi +    (no boots)
Stlth   ++........               (no amulet)
HPRegen 0.94/turn                A - ring of the Mage {Wiz Archmagi}
MPRegen 0.11/turn                (no ring)

@: no status effects
A: fangs 3, regeneration 1, magic shield, antimagic bite, no potion heal 2
a: Renounce Religion


You were on level 6 of the Dungeon.
You worshipped Wu Jian.
Wu Jian was noncommittal.
You visited 2 branches of the dungeon, and saw 7 of its levels.

You collected 267 gold pieces.
You spent 114 gold pieces at shops.


Innate Abilities, Weirdness & Mutations

You have razor-sharp teeth.
Your natural rate of healing is unusually fast.
When hurt, damage is shared between your health and your magic reserves.
Your bite disrupts and absorbs the magic of your enemies.
Potions cannot restore your health.


   Skills:
 + Level 4.9 Fighting
 * Level 6.0 Short Blades
 - Level 2.4 Armour
 + Level 5.5 Stealth
 - Level 2.6 Shields


You had 7 spell levels left.
You didn't know any spells.
Your spell library contained the following spells:

 Spells                   Type           Power      Damage    Failure   Level
 Apportation              Tloc           0%         N/A       54%         1
 Beastly Appendage        Tmut           0%         N/A       54%         1
 Necrotise                Necr           0%         1d4       54%         1
 Summon Small Mammal      Summ           0%         N/A       54%         1
 Wereblood                Tmut           0%         N/A       69%         2
 Conjure Flame            Conj/Fire      0%         6-21      88%         3
 Ignite Poison            Fire/Tmut/Pois 0%         N/A       88%         3
 Portal Projectile        Hex/Tloc       0%         N/A       88%         3
 Spider Form              Tmut/Pois      0%         N/A       88%         3
 Tukima's Dance           Hex            0%         N/A       88%         3
 Sticky Flame             Conj/Fire      0%         2d3       99%         4
 Blade Hands              Tmut           0%         N/A       100%        5

Inventory:

Hand Weapons
 a - a +2 rapier (weapon) {short}
 b - a +0 sling
   (You took it off a goblin on level 2 of the Dungeon)
 I - a +2 dagger of protection {short}
   (You took it off an orc on level 5 of the Dungeon)
Missiles
 f - 83 stones (quivered) {throwing}
 m - 8 poisoned darts {throwing}
 o - 10 javelins {throwing}
Armour
 c - a +3 buckler (worn)
 g - a +0 robe
   (You found it on level 1 of the Dungeon)
 h - a +0 leather armour
   (You found it on level 3 of the Dungeon)
 k - a +0 robe
   (You found it on level 1 of the Dungeon)
 p - a +1 pair of gloves (worn)
   (You found it on level 4 of the Dungeon)
 q - a +0 scale mail (worn)
 r - a +0 robe
   (You found it on level 5 of the Dungeon)
 s - a +0 scale mail
   (You took it off a gnoll sergeant on level 5 of the Dungeon)
 w - a +0 ring mail
   (You found it on level 3 of the Dungeon)
 y - a +0 chain mail
   (You took it off an orc on level 3 of the Dungeon)
 z - a +0 chain mail
   (You took it off an orc on level 3 of the Dungeon)
 B - a +0 robe
   (You found it on level 5 of the Dungeon)
 E - a +0 scale mail
   (You took it off an orc on level 5 of the Dungeon)
 G - a +0 ring mail
   (You took it off an orc on level 5 of the Dungeon)
 H - a +0 leather armour
   (You took it off an orc priest on level 5 of the Dungeon)
 J - a +3 leather armour
   (You took it off an orc on level 5 of the Dungeon)
 K - a +0 ring mail
   (You took it off an orc on level 5 of the Dungeon)
 L - a +0 robe
   (You took it off an orc wizard on level 5 of the Dungeon)
 M - a +0 robe
   (You found it on level 5 of the Dungeon)
Magical Staves
 v - a staff of conjuration {!a@e2staff}
   (You found it on level 2 of the Dungeon)
 P - a staff of conjuration {!a@e2staff}
   (You found it on level 6 of the Dungeon)
Jewellery
 A - the ring of the Mage (left hand) {Wiz Archmagi}
   (You found it on level 3 of the Dungeon)

   [ring of wizardry]

   It improves your spell success rate.
   Archmagi:  It increases the power of your magical spells.
 F - a ring of fire
   (You found it on level 5 of the Dungeon)
Scrolls
 l - a scroll of magic mapping {!r}
 t - a scroll of fear {unknown}
 C - a scroll of butterflies {unknown}
 D - a scroll of immolation {unknown}
 O - a scroll of amnesia {unknown}
Potions
 d - 2 potions of might
 e - 4 potions of mutation {!q}
 i - 2 potions of flight
 j - 4 potions of brilliance {unknown}
 n - 2 potions of berserk rage {unknown}
 u - a potion of magic {unknown}
 x - 3 potions of curing {unknown}
 N - a potion of haste {unknown}

Dungeon Overview and Level Annotations

Branches:
Dungeon (6/15) Zot: 26832  Temple (1/1) D:6 Zot: 5983

Altars:
Ashenzari
Cheibriados
Fedhas
Gozag
Kikubaaqudgha
Makhleb
Nemelex Xobeh
Okawaru
Qazlal
Sif Muna
Trog
Wu Jian
Xom
Yredelemnul
Zin

Shops:
D:2 ?

Annotations:
D:4 exclusion: oklob plant

##.#######.....#
........#.#.#.##
#.#.###........###
#.#.##...#.#.#...###
####......#.......#...#
##########.##....#...#.>.#...#.#
#..................#.......#...#
#.######.##..........#.#.#.....#
...............@O.........#..#
.######.##...........#.#.##.##
##.#.#................#
##.##..........#.###.#
####.<..#.......# #
####.#.....#.####
###............#
..........###..#
#.#.##....###..#


You could see an ogre.


Message History

You see here a water moccasin corpse.
Unknown command.
N - a sapphire potion Done exploring.
(D) Dungeon
Where to? (Enter - D:5, ? - help)
You see here a water moccasin corpse.
There is a stone staircase leading down here.
You climb downwards.
There is a stone staircase leading up here.
Unknown command.
Unknown command.
Unknown command.
An ice beast comes into view.
Danger!
You hit the ice beast. The ice beast hits you. The ice beast freezes you.
You barely miss the ice beast. You hit the ice beast.
You block the ice beast's attack.
You hit the ice beast. You bite the ice beast. You drain its power.
You feel invigorated. You block the ice beast's attack.
You hit the ice beast but do no damage. The ice beast hits you.
The ice beast freezes you!
You barely miss the ice beast. You block the ice beast's attack.
You hit the ice beast but do no damage.
You bite the ice beast, but do no damage.
The ice beast hits you but does no damage.
You closely miss the ice beast. Your bite misses the ice beast.
The ice beast completely misses you.
You hit the ice beast. The ice beast hits you. The ice beast freezes you!
You hit the ice beast.
The ice beast hits you but does no damage.
You puncture the ice beast!
You kill the ice beast!
Your Short Blades skill increases to level 6!
You have reached level 8!
You feel agile.
Your teeth grow very long and razor-sharp.
There is a stone staircase leading up here.
You start resting.
Unknown command.
Unknown command.
t - 5 inky potions (gained 1)
O - a scroll of identify {@r1} Unknown command.
As you read the scroll of identify {@r1}, it crumbles to dust.
t - 5 potions of heal wounds Unknown command.
Unknown command.
You drop 5 potions of heal wounds {@q2}.
Unknown command.
f - 83 stones {throwing} (gained 5)
Found a staircase to the Ecumenical Temple.
You now have 133 gold pieces (gained 5).
There is a staircase to the Ecumenical Temple here.
You climb downwards.
Welcome to the Ecumenical Temple!
Found six altars.
There is a staircase back to the Dungeon here.
Unknown command.
Unknown command.
Found an opulent altar of Gozag.
There is an ornate altar of the Wu Jian Council here.
You kneel at the altar of Wu Jian.
The Council welcomes you!
You can now perform damaging attacks by moving towards foes.
(D) Dungeon (T) Temple
Where to? (Enter - D:6, ? - help)
There is a staircase back to the Dungeon here.
You climb upwards.
Welcome back to the Dungeon!
There is a staircase to the Ecumenical Temple here.
Unknown command.
Unknown command.
You now have 152 gold pieces (gained 19).
t - a scroll labelled MONEZE XOUFF Unknown command.
O - a scroll labelled BIMACIU ZOIT Unknown command.
You now have 153 gold pieces (gained 1).
e - 4 potions of mutation {!q} (gained 1)
P - a staff of conjuration {!a@e2staff}
j - 4 fuming orange potions (gained 2)
An ogre comes into view. It is wielding a +0 giant club.
The ogre moves out of view.
Unknown command.
Unknown command.
Danger!
Unknown command.
The ogre shouts!
You lunge at the ogre.
You hit the ogre. You bite the ogre! You drain its power.
The ogre hits you with a +0 giant club!
Unknown command.
You barely miss the ogre.
The ogre hits you with a +0 giant club!!
Ouch! That really hurt!
* * * LOW HITPOINT WARNING * * *
You hit the ogre. Your bite misses the ogre. You puncture the ogre!
The ogre barely misses you.
You hit the ogre.
The ogre hits you with a +0 giant club!!
Ouch! That really hurt!
You die...

Skill      XL: |  1  2  3  4  5  6  7 |
---------------+----------------------+-----
Short Blades   | 2 3 4 6 |  6.0
Stealth        | 1 2 3 4 5 |  5.5
Fighting       | 3 4 |  4.9
Armour         | |  2.4
Shields        | |  2.6

Action                   |  1- 3 |  4- 6 |  7- 9 || total
-------------------------+-------+-------+-------++-------
Melee: Rapier            |   101 |   172 |   134 ||   407
       Bite              |    26 |    60 |    46 ||   132
 Fire: Sling             |    42 |    25 |       ||    67
Invok: Lunge             |       |       |     1 ||     1
  Use: Scroll            |     1 |    10 |     1 ||    12
 Stab: Sleeping          |       |       |     1 ||     1
Armor: Scale mail        |    39 |    49 |    26 ||   114
Dodge: Dodged            |    45 |    59 |    31 ||   135
Block: Buckler           |    15 |    42 |    31 ||    88

Levels and vault maps discovered:
D:1:      psy_arrival_dodecagon, layout_basic, kennysheep_boxes
D:2:      layout_basic, basic_altar, serial_shops, nicolae_shop_behind_doors
D:3:      layout_basic
D:4:      layout_cave_pools, okawaru_altar_gauntlet_db, tgw_fedhas
D:5:      layout_loops_ring, old_standard_altar, marbit_many_paths,
          mainiacjoe_overflow_24_doors, mainiacjoe_overflow_large_starburst,
          grunt_ministairs_11
D:6:      layout_loops_ring, minmay_temple_entry_sparse_star
Temple:   eino_temple_lava

Notes
Turn   | Place    | Note
-------+----------+-------------------------------------------
     0 | D:1      | Sobieck the Vine Stalker Fighter began the quest for the
                  | Orb.
     0 | D:1      | Reached XP level 1. HP: 11/11 MP: 2/2
   153 | D:1      | Reached skill level 2 in Short Blades
   199 | D:1      | Reached XP level 2. HP: 13/16 MP: 3/3
   356 | D:1      | Reached skill level 1 in Stealth
   846 | D:1      | Reached skill level 3 in Fighting
   847 | D:1      | Reached XP level 3. HP: 18/20 MP: 2/4
  1317 | D:2      | HP: 5/20 [poisoned by an adder]
  1753 | D:2      | Found a broken altar of Ashenzari.
  1793 | D:2      | HP: 4/20 [worm (4)]
  2181 | D:2      | Found Wemneog's Magic Scroll Shop.
  2184 | D:2      | Bought a scroll of identify for 24 gold pieces
  2288 | D:2      | You pick up a book of Weapons and begin reading...
  2288 | D:2      | You add the spells Tukima's Dance, Portal Projectile and
                  | Blade Hands to your library.
  2301 | D:2      | Reached skill level 2 in Stealth
  2433 | D:2      | You add the spells Conjure Flame, Ignite Poison and Sticky
                  | Flame to your library.
  2512 | D:2      | Gained mutation: Your natural rate of healing is unusually
                  | fast. [Vine Stalker growth]
  2512 | D:2      | Reached XP level 4. HP: 24/24 MP: 5/5
  2824 | D:3      | Reached skill level 3 in Short Blades
  3076 | D:3      | You pick up a book of Cantrips and begin reading...
  3076 | D:3      | You add the spells Necrotise, Summon Small Mammal and
                  | Apportation to your library.
  3192 | D:2      | Bought a scroll of enchant armour for 90 gold pieces
  3485 | D:3      | Found the ring of the Mage {Wiz Archmagi}
  3834 | D:4      | Noticed an ogre
  3858 | D:3      | HP: 4/24 [ogre/+0 giant club (20)]
  3863 | D:3      | Killed an ogre
  3864 | D:3      | Reached skill level 3 in Stealth
  3864 | D:3      | Reached XP level 5. HP: 10/29 MP: 6/6
  3903 | D:4      | You pick up a book of Changes and begin reading...
  3903 | D:4      | You add the spells Beastly Appendage, Wereblood and Spider
                  | Form to your library.
  4015 | D:4      | Reached skill level 4 in Short Blades
  4032 | D:4      | Found an iron altar of Okawaru.
  4043 | D:4      | Reached XP level 6. HP: 33/33 MP: 7/7
  4077 | D:4      | Found a blossoming altar of Fedhas.
  4288 | D:4      | Noticed an oklob plant
  4577 | D:5      | Entered Level 5 of the Dungeon
  4614 | D:5      | Reached skill level 4 in Fighting
  4620 | D:5      | Found a basalt altar of Yredelemnul.
  4766 | D:5      | Found a burning altar of Makhleb.
  4827 | D:5      | Found a shimmering altar of Xom.
  4853 | D:5      | Reached skill level 4 in Stealth
  4870 | D:5      | Reached XP level 7. HP: 14/37 MP: 6/8
  4874 | D:5      | HP: 6/37 [gnoll/+0 flail[a gnoll sergeant] (5)]
  4944 | D:5      | Found a sparkling altar of Nemelex Xobeh.
  4981 | D:5      | Reached skill level 5 in Short Blades
  5269 | D:5      | Found a stormy altar of Qazlal.
  5412 | D:5      | Reached skill level 5 in Stealth
  5754 | D:6      | Reached skill level 6 in Short Blades
  5754 | D:6      | Gained mutation: You have razor-sharp teeth. [Vine Stalker
                  | growth]
  5754 | D:6      | Reached XP level 8. HP: 25/42 MP: 3/9
  5840 | D:6      | Found a staircase to the Ecumenical Temple.
  5850 | Temple   | Entered the Ecumenical Temple
  5858 | Temple   | Became a worshipper of the Wu Jian Council
  5920 | D:6      | HP: 7/42 [ogre/+0 giant club (23)]
  5923 | D:6      | Demolished by an ogre

Vanquished Creatures
  A water moccasin (D:5)
  An ice beast (D:6)
  2 ogres
  A phantom (D:5)
  A gnoll sergeant (D:5)
  A hound (D:4)
  4 iguanas
  An orc priest (D:5)
  An orc wizard (D:5)
  6 gnolls
  4 adders
  An ufetubus (D:4)
  3 worms
  4 dart slugs
  14 orcs
  6 ball pythons
  3 endoplasms
  5 giant cockroaches
  10 goblins
  9 hobgoblins
  5 jackals (D:1)
  5 quokkas
  6 bats
  3 frilled lizards
  7 kobolds
  7 rats
111 creatures vanquished.

Vanquished Creatures (others)
  6 fungi (D:4)
  15 plants (D:4)
21 creatures vanquished.

Grand Total: 132 creatures vanquished

Table legend:
 A = Non-vault XP
 B = Vault XP
 C = Vault XP percentage of total XP
 D = Non-vault monster count
 E = Vault monster count
 F = Vault count percentage of total count
                 A         B        C        D         E       F
            +---------+---------+-------+---------+---------+-------
      Total |    1145 |     168 |  12.8 |      94 |      17 |  15.3
            +---------+---------+-------+---------+---------+-------
        D:1 |      37 |       0 |   0.0 |      20 |       0 |   0.0
        D:2 |      46 |       0 |   0.0 |      17 |       0 |   0.0
        D:3 |     202 |       0 |   0.0 |      29 |       0 |   0.0
        D:4 |     107 |      34 |  24.1 |      12 |       6 |  33.3
        D:5 |     620 |     134 |  17.8 |      15 |      11 |  42.3
        D:6 |     133 |       0 |   0.0 |       1 |       0 |   0.0
            +---------+---------+-------+---------+---------+-------

Illustrated notes

Table legend:
 A = Kills in this place as a percentage of kills in entire the game.
 B = Kills by you in this place as a percentage of kills by you in the entire game.
 C = Kills by friends in this place as a percentage of kills by friends in the entire game.
 D = Other kills in this place as a percentage of other kills in the entire game.
 E = Experience gained in this place as a percentage of experience gained in the entire game.
 F = Experience gained in this place divided by the number of levels of this place that you have seen.
                   A       B       C       D       E      F
               +-------+-------+-------+-------+-------+----------------------
         Total | 100.0 | 100.0 |   N/A |   N/A | 100.0 | 187.6
       Dungeon | 100.0 | 100.0 |   N/A |   N/A | 100.0 | 218.8
               +-------+-------+-------+-------+-------+----------------------

Table legend: (Time is in decaauts)
 A = Elapsed time spent in this place.
 B = Non-inter-level travel time spent in this place.
 C = Inter-level travel time spent in this place.
 D = Time resting spent in this place.
 E = Time spent auto-exploring this place.
 F = Levels seen in this place.
 G = Mean time per level.
                   A        B        C        D        E       F      G
               +--------+--------+--------+--------+--------+-----+--------+
         Total |   5965 |   5705 |    260 |    811 |   3837 |   7 |  852.1 |
       Dungeon |   5948 |   5696 |    252 |    811 |   3837 |   6 |  991.3 |
        Temple |     16 |      8 |      8 |      0 |      0 |   1 |   16.0 |
               +--------+--------+--------+--------+--------+-----+--------+

Top non-repeatable levels by time:
     D:2: 1571 daAuts
     D:1: 1250 daAuts
     D:5: 1160 daAuts
     D:3: 1092 daAuts
     D:4: 707 daAuts
     D:6: 166 daAuts
  Temple: 16 daAuts
